 Dungeon Sprint DCSS version 0.29-a0-512-gf59ac788ac (webtiles) character file.

Game seed: 14757851852074765011

40 mhtbhm the Ruffian (level 3, 0/49 HPs)
             Began as a Troll Transmuter on May 29, 2022.
             Slain by a phantom (5 damage)
             ... in the Dungeon (Sprint IX: "|||||||||||||||||||||||||||||").
             The game lasted 00:00:20 (51 turns).

mhtbhm the Ruffian (Troll Transmuter)                 Turns: 51, Time: 00:00:20

Health: 0/49       AC:  0    Str: 20    XL:     3   Next: 30%
Magic:  3/5        EV: 10    Int:  9    God:
Gold:   0          SH:  0    Dex: 10    Spells: 5/6 levels left

rFire   . . .      SeeInvis .     - Unarmed
rCold   . . .      Faith    .   (no shield)
rNeg    . . .      Spirit   .   a - +0 robe
rPois   .          Reflect  .   (helmet restricted)
rElec   .          Harm     .   (no cloak)
rCorr   .          Rampage  .   (gloves unavailable)
Will    .....      NoTele   +   (boots unavailable)
Stlth   ..........              (no amulet)
HPRegen 0.96/turn               (no ring)
MPRegen 0.09/turn               (no ring)

@: berserking, corroded, very quick
A: large, unfitting armour, claws 3, regeneration 1, shaggy fur 1, tough skin 1
a: no special abilities


You were in the Dungeon.
You visited 1 branch

Inventory:

Armour
 a - a +0 robe (worn)
Scrolls
 h - a scroll of blinking
Potions
 b - a potion of lignification
 e - a potion of haste
 f - 2 potions of magic


   Skills:
 + Level 1.0 Fighting
 + Level 2.4 Dodging
 + Level 5.4 Unarmed Combat
 + Level 2.4 Spellcasting
 + Level 2.1 Transmutations


You had 5 spell levels left.
You knew the following spells:

 Your Spells              Type           Power      Damage    Failure   Level
a - Beastly Appendage     Tmut           10%        N/A       13%         1

Your spell library contained the following spells:

 Spells                   Type           Power      Damage    Failure   Level
 Wereblood                Tmut           5%         N/A       21%         2
 Spider Form              Tmut/Pois      3%         N/A       52%         3
 Ice Form                 Ice/Tmut       3%         N/A       90%         4


Dungeon Overview and Level Annotations

Branches:
Dungeon (1/1)

Altars:


Innate Abilities, Weirdness & Mutations

You are too large for most types of armour.
You have claws for hands.
Your natural rate of healing is unusually fast.
You are covered in fur. (AC +1)
You have tough skin. (AC +1)


Message History

You closely miss the ufetubus. Your kick misses the ufetubus.
Your headbutt misses the ufetubus. Your claw misses the ufetubus.
The ufetubus hits you. The ufetubus closely misses you.
You closely miss the ufetubus. Your kick misses the ufetubus.
The ufetubus hits you. The ufetubus barely misses you.
You miss the ufetubus. Your kick misses the ufetubus. The ufetubus hits you. x4
You barely miss the ufetubus. The ufetubus hits you.
* * * LOW HITPOINT WARNING * * *
The ufetubus hits you.
* * * LOW HITPOINT WARNING * * *
Unknown command.
Unknown command.
You feel better.
Your horns disappear.
Your talons disappear.
The ufetubus barely misses you. The ufetubus hits you.
* * * LOW HITPOINT WARNING * * *
The ufetubus barely misses you. The ufetubus hits you.
* * * LOW HITPOINT WARNING * * *
A red film seems to cover your vision as you go berserk!
You feel yourself moving faster!
You feel mighty! The ufetubus closely misses you. x2
You miss the ufetubus. The ufetubus hits you.
* * * LOW HITPOINT WARNING * * *
The ufetubus barely misses you.
You claw the ufetubus!
You kill the ufetubus!
Unknown command.
Unknown command.
You scratch the phantom.
The phantom is lightly damaged.
You claw the phantom!
The phantom is heavily damaged.
The phantom hits you.
* * * LOW HITPOINT WARNING * * *
You barely miss the phantom.
The phantom is heavily damaged.
You closely miss the phantom.
The phantom is heavily damaged.
The phantom hits you.
You die... ▓▓▓▓▓▓▓▓▓▓▓▓▓▓▓▓▓▓ +...hoW@...††...<▓ ▓▓▓▓▓▓▓▓▓▓▓▓▓▓▓▓▓▓

You could see a phantom, a hound and an orc.

Vanquished Creatures
  A jelly (D)
  An ufetubus (D)
  An endoplasm (D)
  A hobgoblin (D)
  A jackal (D)
  2 rats (D)
7 creatures vanquished.

Notes
Turn   | Place    | Note
-------+----------+-------------------------------------------
     0 | D        | mhtbhm the Troll Transmuter began the quest for the Orb.
     0 | D        | Reached XP level 1. HP: 18/18 MP: 1/1
     1 | D        | Banished a spatial maelstrom
    35 | D        | Noticed a hound
    35 | D        | Noticed a phantom
    35 | D        | Noticed a jelly
    38 | D        | Killed a jelly
    39 | D        | Reached skill level 1 in Fighting
    39 | D        | Reached skill level 5 in Unarmed Combat
    39 | D        | Reached XP level 2. HP: 5/27 MP: 2/4
    39 | D        | Reached XP level 3. HP: 6/33 MP: 2/5
    51 | D        | Slain by a phantom

Illustrated notes

Levels and vault maps discovered:
D:        linesprint [early_d, line_temple, items_1, d_10, items_2, lair_1,
          lair_end, items_3, orc_1, orc_end, items_4, d_15, swamp_1, shoals_1,
          snake_1, spider_1, d_20, vaults_1, items_5, swamp_end, shoals_end,
          snake_end, spider_end, vaults_end, d_27, items_6, zot_1, zot_end,
          crypt_end, forest_end, elf_end, slime_end, tomb_end, abyss_end,
          pan_hell_end]

Skill      XL: |  1 |
---------------+----+-----
Spellcasting   | 2 |  2.4
Fighting       | 1 |  1.0
Dodging        | 2 |  2.4
Unarmed Combat | 5 |  5.4
Transmutations | 2 |  2.1

Action                   || total
-------------------------++-------
Melee: Unarmed           ||    26
       Kick              ||     1
 Cast: Beastly Appendage ||     2
  Use: Potion            ||     3
Armor: Robe              ||     3
Dodge: Dodged            ||    14

Table legend: (Time is in decaauts)
 A = Elapsed time spent in this place.
 B = Non-inter-level travel time spent in this place.
 C = Inter-level travel time spent in this place.
 D = Time resting spent in this place.
 E = Time spent auto-exploring this place.
 F = Levels seen in this place.
 G = Mean time per level.
                   A        B        C        D        E       F      G
               +--------+--------+--------+--------+--------+-----+--------+
         Total |     47 |     47 |      0 |     10 |      0 |   1 |   47.0 |
       Dungeon |     47 |     47 |      0 |     10 |      0 |   1 |   47.0 |
               +--------+--------+--------+--------+--------+-----+--------+

Top non-repeatable levels by time:
       D: 47 daAuts
